 Dungeon Crawl Stone Soup version 0.30.1-3-gfc49f6343a (webtiles) character file.

Game seed: 1434540949825034799

5481 Babbit the Basher (level 10, -3/88 HPs)
             Began as a Minotaur Gladiator on Aug 3, 2023.
             Was a Priest of the Shining One.
             Killed from afar by an electric eel (8 damage)
             ... with a bolt of electricity
             ... in a bailey.
             The game lasted 00:36:43 (6616 turns).

Babbit the Basher (Minotaur Gladiator)              Turns: 6616, Time: 00:36:44

Health: -3/88      AC: 18    Str: 23    XL:     10   Next: 42%
Magic:  8/9        EV: 13    Int:  5    God:    the Shining One [***...]
Gold:   361        SH:  6    Dex: 12    Spells: 9/9 levels left

rFire   + + +        a - +3 flail (venom)
rCold   . . .        (no shield)
rNeg    + + .        s - +0 ring mail {rN+}
rPois   +            c - +0 hat
rElec   .            x - +0 cloak
rCorr   .            t - +2 pair of gloves "Soqaatou" {rF++}
SInv    .            p - +2 pair of boots
Will    .....        n - amulet "Rineabep" {rPois Regen+}
Stlth   +            h - ring of protection from fire
HPRegen 1.14/turn    m - +4 ring of protection
MPRegen 0.11/turn

%: no passive effects
@: divinely shielded, glowing
A: horns 2, retaliatory headbutt, fire resistance 1
a: Renounce Religion, Divine Shield, Cleansing Flame


You were in a bailey.
You worshipped the Shining One.
The Shining One was most pleased with you.
You visited 1 branch of the dungeon, and saw 9 of its levels.
You also visited: Bailey.

You collected 361 gold pieces.

Inventory:

Hand Weapons
 a - a +3 flail of venom (weapon)
Missiles
 d - a throwing net
 e - 3 javelins
 g - 5 boomerangs
Armour
 b - a +0 leather armour
 c - a +0 hat (worn)
 p - a +2 pair of boots (worn)
 s - a +0 ring mail of positive energy (worn)
 t - the +2 pair of gloves "Soqaatou" (worn) {rF++}
   (You acquired it in a bailey)

   rF:        It greatly protects you from fire.
 x - a +0 cloak (worn)
Jewellery
 h - a ring of protection from fire (left hand)
 m - a +4 ring of protection (right hand)
 n - the amulet "Rineabep" (around neck) {rPois Regen+}
   (You acquired it in a bailey)

   [amulet of regeneration]

   rPois:     It protects you from poison.
   Regen:     It increases your rate of health regeneration.
 F - a +6 ring of intelligence
Wands
 f - a wand of digging (4)
 l - a wand of flame (38) (quivered)
 w - a wand of roots (7)
Scrolls
 j - a scroll of immolation
 r - a scroll of silence {unknown}
 u - a scroll of amnesia
 v - a scroll of enchant armour {unknown}
 y - a scroll of noise {unknown}
 E - a scroll of fog {unknown}
 G - a scroll of identify
Potions
 i - a potion of curing
 q - a potion of mutation
 B - a potion of might {unknown}
 C - 2 potions of ambrosia
 D - a potion of brilliance {unknown}


   Skills:
 + Level 8.0 Fighting
 + Level 12.5 Maces & Flails
 + Level 2.9 Throwing
 + Level 8.1 Armour
 + Level 7.3 Dodging
 + Level 1.7 Stealth
 + Level 0.7 Unarmed Combat
 + Level 0.2 Invocations
 + Level 2.0 Evocations


You had 9 spell levels left.
You didn't know any spells.
Your spell library contained the following spells:

 Spells                   Type           Power      Damage    Failure   Level
 Beastly Appendage        Tmut           0%         N/A       61%         1
 Magic Dart               Conj           0%         1d3       61%         1
 Searing Ray              Conj           0%         2d4       75%         2
 Sublimation of Blood     Necr           0%         N/A       75%         2
 Wereblood                Tmut           0%         N/A       75%         2
 Ozocubu's Armour         Ice            0%         N/A       93%         3
 Spider Form              Tmut/Pois      0%         N/A       93%         3
 Vhi's Electric Charge    Tloc/Air       0%         N/A       93%         3
 Fulminant Prism          Conj/Hex       0%         3d5       100%        4
 Petrify                  Tmut/Erth      0%         N/A       100%        4
 Arcjolt                  Conj/Air       0%         1d10      100%        5
 Irradiate                Conj/Tmut      0%         3d11      100%        5
 Plasma Beam              Fire/Air       0%         2x1d11    100%        6
 Ozocubu's Refrigeration  Ice            0%         4d7       100%        7
 Summon Hydra             Summ           0%         N/A       100%        7


Dungeon Overview and Level Annotations

Branches:
Dungeon (9/15)             Temple (0/1) D:5          Bailey (1/1)
   Lair: D:8-11         Orc: D:9-12

Altars:
The Shining One

Shops:
D:1 ?


Innate Abilities, Weirdness & Mutations

You have a pair of horns on your head.
You reflexively headbutt those who attack you in melee.
Your flesh is heat resistant. (rF+)


Message History

Your Fighting skill increases to level 8!
Your Evocations skill increases to level 2!
You hit the orc warrior.
You punch the orc warrior, but do no damage.
The orc warrior is moderately wounded.
You block the goblin's attack.
The orc warrior hits you but does no damage.
You sock the orc warrior! You headbutt the orc warrior.
The orc warrior is almost dead.
The orc warrior hits you with a +0 war axe.
* * * LOW HITPOINT WARNING * * *
The goblin hits you but does no damage.
You hit the orc warrior but do no damage.
The orc warrior is almost dead.
Your surroundings suddenly seem different.
As you read the scroll labelled XIAHIZ LIEZONU, it crumbles to dust.
It is a scroll of brand weapon.
Your +3 flail drips with poison.
a - a +3 flail of venom (weapon)
Really quaff the potion of mutation?
You feel extremely strange.
You feel resistant to heat.
The electric eel shoots out a bolt of lightning at you!
The bolt of electricity hits you!
* * * LOW HITPOINT WARNING * * *
The electric eel shoots out a bolt of lightning at you!
The bolt of electricity hits you but does no damage.
The electric eel shoots out a bolt of lightning at you!
The bolt of electricity hits you.
* * * LOW HITPOINT WARNING * * *
The electric eel shoots out a bolt of lightning at you!
The bolt of electricity hits you.
* * * LOW HITPOINT WARNING * * *
The electric eel shoots out a bolt of lightning at you!
The bolt of electricity hits you.
* * * LOW HITPOINT WARNING * * *
There is an open door here.
The electric eel shoots out a bolt of lightning at you!
The bolt of electricity hits you!
You die...

≈≈≈≈≈≈≈≈≈≈≈≈≈≈≈≈≈≈
≈≈≈≈≈≈≈≈≈≈≈≈≈≈≈≈≈≈
≈≈≈≈≈≈≈≈≈≈≈≈≈≈≈≈
≈≈≈≈≈≈≈≈≈≈≈≈≈≈
#~~~~~~~~~~~###### ≈≈≈≈
......∩........'.# ≈≈≈≈≈
######.######..###≈≈≈≈≈≈
#...#...#.[[#....#≈≈≈≈≈≈
#...#...#.[[#...@#≈≈≈≈≈≈
#+###8.8###+##'#'#≈≈≈≈≈≈
# #...# #..#.~≈≈≈≈≈≈ #
#8.8# #..#.~≈≈≈≈≈≈ #
#g§o# #..#.~≈≈≈≈≈≈ #
#.).# #..#.~≈≈≈≈≈≈ #
##'## #))#.~S≈≈≈≈≈ # .§.
#)##.~≈≈≈≈≈≈≈ # ._.
#..#.~≈≈≈≈≈≈≈


You could see an electric eel.

Vanquished Creatures
  A two-headed ogre (D:8)
  An orc high priest (Bailey)
  An orc knight (Bailey)
  An orc sorcerer (Bailey)
  Maggie (D:7)
  Psyche (D:8)
  Sigmund (D:7)
  Eustachio (D:4)
  A water moccasin (D:6)
  A sky beast (D:7)
  5 orc warriors
  2 ice beasts
  2 ogres (D:5)
  3 centaurs
  2 phantoms (D:5)
  4 scorpions
  2 howler monkeys (D:8)
  An electric eel (Bailey)
  4 hounds
  An orc priest (D:9)
  A jelly (D:4)
  Crazy Yiuf (D:4)
  A gnoll bouda (D:6)
  2 iguanas
  Terence (D:2)
  4 orc wizards
  Natasha (D:3)
  Robin (D:4)
  15 gnolls
  9 adders
  4 white imps
  2 ufetubi
  3 worms
  26 orcs
  3 endoplasms
  A giant cockroach (D:2)
  25 goblins
  20 hobgoblins
  10 jackals
  4 quokkas
  3 ball pythons
  5 bats
  A frilled lizard (D:1)
  6 kobolds
  4 rats
189 creatures vanquished.

Vanquished Creatures (others)
  An orc wizard (D:6)
1 creature vanquished.

Grand Total: 190 creatures vanquished

Notes
Turn   | Place    | Note
-------+----------+-------------------------------------------
     0 | D:1      | Babbit the Minotaur Gladiator began the quest for the Orb.
     0 | D:1      | Reached XP level 1. HP: 18/18 MP: 0/0
    82 | D:1      | Found Dijafiki's Magic Scroll Emporium.
   216 | D:1      | Reached XP level 2. HP: 25/25 MP: 1/1
   406 | D:1      | Found a faded altar of an unknown god.
   410 | D:1      | Prayed at the altar of an unknown god.
   410 | D:1      | Became a worshipper of the Shining One
   410 | D:1      | Reached * piety under the Shining One
   562 | D:2      | Reached skill level 4 in Maces & Flails
   563 | D:2      | Reached XP level 3. HP: 28/30 MP: 2/2
   644 | D:2      | Noticed Terence
   653 | D:2      | Killed Terence
   654 | D:2      | Reached skill level 1 in Armour
   916 | D:2      | Reached XP level 4. HP: 37/37 MP: 3/3
  1531 | D:3      | Reached skill level 5 in Maces & Flails
  1579 | D:3      | Noticed Natasha
  1581 | D:3      | Reached XP level 5. HP: 44/44 MP: 4/4
  1594 | D:3      | Killed Natasha
  1713 | D:4      | Noticed Robin
  1740 | D:4      | Killed Robin
  1842 | D:4      | Reached skill level 6 in Maces & Flails
  1919 | D:4      | Reached ** piety under the Shining One
  1927 | D:4      | Reached XP level 6. HP: 49/51 MP: 5/5
  2150 | D:4      | Found a runed translucent door.
  2151 | D:4      | Noticed Crazy Yiuf
  2158 | D:4      | Killed Crazy Yiuf
  2227 | D:4      | Noticed Eustachio
  2259 | D:4      | Killed Eustachio
  2260 | D:4      | Reached skill level 7 in Maces & Flails
  2268 | D:4      | Reached XP level 7. HP: 38/58 MP: 6/6
  2477 | D:5      | Entered Level 5 of the Dungeon
  2520 | D:5      | Found a staircase to the Ecumenical Temple.
  2655 | D:5      | Reached skill level 8 in Maces & Flails
  2761 | D:5      | Reached XP level 8. HP: 62/67 MP: 7/7
  3200 | D:6      | Reached skill level 5 in Fighting
  3200 | D:6      | Reached skill level 9 in Maces & Flails
  3200 | D:6      | Reached skill level 5 in Dodging
  3257 | D:6      | Reached skill level 5 in Armour
  4052 | D:7      | Noticed Maggie
  4070 | D:7      | Killed Maggie
  4071 | D:7      | Reached skill level 10 in Maces & Flails
  4071 | D:7      | Reached XP level 9. HP: 65/75 MP: 8/8
  4073 | D:7      | Reached *** piety under the Shining One
  4304 | D:7      | Noticed Sigmund
  4311 | D:7      | Killed Sigmund
  4470 | D:7      | Reached skill level 1 in Stealth
  4735 | D:8      | Noticed Psyche
  4742 | D:8      | Killed Psyche
  4743 | D:8      | Reached skill level 11 in Maces & Flails
  5202 | D:8      | Noticed a two-headed ogre
  5211 | D:8      | Killed a two-headed ogre
  5212 | D:8      | Reached skill level 1 in Evocations
  5792 | D:9      | Found a flagged portal.
  5804 | Bailey   | Entered a bailey
  5908 | Bailey   | Noticed an orc knight
  5925 | Bailey   | HP: 3/118 [orc knight/+0 broad axe (4)]
  5927 | Bailey   | Killed an orc knight
  5928 | Bailey   | Reached skill level 12 in Maces & Flails
  5928 | Bailey   | Reached XP level 10. HP: 4/86 MP: 9/9
  6265 | Bailey   | Noticed an orc sorcerer
  6274 | Bailey   | Noticed a sixfirhy
  6405 | Bailey   | Killed an orc sorcerer
  6424 | Bailey   | Acquired the amulet "Rineabep" {rPois Regen+}
  6431 | Bailey   | Acquired the +2 pair of gloves "Soqaatou" {rF++}
  6587 | Bailey   | Found an iron altar of Okawaru.
  6587 | Bailey   | Noticed an orc high priest
  6591 | Bailey   | Noticed a soul eater
  6592 | Bailey   | Noticed a sun demon
  6602 | Bailey   | Killed an orc high priest
  6607 | Bailey   | Gained mutation: Your flesh is heat resistant. (rF+)
                  | [potion of mutation]
  6609 | Bailey   | HP: 4/88 [electric eel/bolt of electricity (5)]
  6616 | Bailey   | Killed from afar by an electric eel

Illustrated notes

Levels and vault maps discovered:
D:1:      lemuel_arrival_funnel, layout_rooms,
          shapermc_ecumenical_altar_mp_ritualfount, serial_shops, shop,
          reono_crystal_passage
D:2:      layout_loops_ring, uniq_terence
D:3:      layout_rooms, uniq_natasha
D:4:      layout_rooms, uniq_robin, uniq_eustachio, uniq_crazy_yiuf_cottage
D:5:      layout_basic, minmay_temple_entry_statues_fountains, st_stairs_3,
          chequers_garden, kennysheep_generic_room_9
D:6:      layout_basic, corexii_checkpoint_a
D:7:      layout_rooms, sigmund_army, uniq_maggie
D:8:      layout_basic, uniq_psyche
D:9:      minmay_the_grid_3x3 [minmay_the_grid_fan, minmay_the_grid_box_x,
          minmay_the_grid_garden, minmay_the_grid_diamond_grid,
          minmay_the_grid_mess, minmay_the_grid_square_x,
          minmay_the_grid_zigzag_pyramid, minmay_the_grid_pillar_ring,
          minmay_the_grid_prize_big_room], layout_rooms,
          nicolae_overflow_hidden_temple, lair_entry_dummy, erik_orc_1,
          serial_glass, glass_columns_a, glass_columns_b, enter_bailey_3
Bailey:   bailey_axe_of_yendor_kennysheep, bailey

Skill      XL: |  1  2  3  4  5  6  7  8  9 10 |
---------------+-------------------------------+-----
Maces & Flails | 4 5 6 7 8 10 12 | 12.5
Dodging        | 4 5 7 |  7.3
Armour         | 1 2 4 6 7 8 |  8.1
Fighting       | 3 4 6 7 8 |  8.0
Stealth        | 1 |  1.7
Evocations     | 1 2 |  2.0
Throwing       | |  2.9
Unarmed Combat | |  0.7
Invocations    | |  0.2

Action                     |  1- 3 |  4- 6 |  7- 9 | 10-12 || total
---------------------------+-------+-------+-------+-------++-------
  Melee: Flail             |    49 |   121 |   214 |    42 ||   426
         Headbutt          |     3 |    24 |    52 |     8 ||    87
         Punch             |     2 |     3 |     6 |     2 ||    13
         Unarmed           |       |       |     2 |       ||     2
  Throw: Javelin           |       |     2 |     4 |       ||     6
         Throwing net      |       |     1 |     3 |       ||     4
 Invoke: Divine Shield     |       |       |       |     1 ||     1
  Evoke: Wand              |       |       |     9 |     8 ||    17
    Use: Scroll            |       |     5 |    10 |     7 ||    22
         Potion            |       |     1 |     6 |     1 ||     8
 Armour: Leather armour    |     8 |    10 |       |       ||    18
         Ring mail         |       |    54 |   117 |    16 ||   187
         Skin              |       |       |     6 |       ||     6
  Dodge: Dodged            |    31 |    80 |   152 |    27 ||   290
  Block: Other             |       |       |       |     5 ||     5
